 Dungeon Crawl Stone Soup version 0.30-b1-2-g02819fbbbe (webtiles) character file.

Game seed: 15514133770294051703

2221 tokenacc the Grave Robber (level 9, -2/67 HPs)
             Began as a Deep Elf Necromancer on Oct 27, 2023.
             Was an Initiate of Vehumet.
             Killed by miscasting Starburst (29 damage)
             ... on level 7 of the Dungeon.
             The game lasted 00:26:25 (7113 turns).

tokenacc the Grave Robber (Deep Elf Necromancer)    Turns: 7113, Time: 00:26:25

Health: -2/67      AC: 24    Str:  5      XL:     9   Next: 13%
Magic:  6/21       EV:  2    Int: 25      God:    Vehumet [......]
Gold:   336        SH:  4    Dex: 11 (15) Spells: 3/22 levels left

rFire   . . .        D - +2 flail (holy)
rCold   . . .        n - +0 buckler
rNeg    . . .        a - melded +0 robe
rPois   +            m - melded +2 hat
rElec   .            h - melded +0 cloak
rCorr   .            (gloves currently unavailable)
SInv    .            (boots currently unavailable)
Will    .....        w - amulet of the acrobat
Stlth   ++           p - ring of poison resistance
HPRegen 0.31/turn    (no ring)
MPRegen 0.17/turn

%: acrobat
@: tree-form, very slightly contaminated
A: stationary, stasis, torment immunity, boosted hp
a: Renounce Religion


You were on level 7 of the Dungeon.
You worshipped Vehumet.
Vehumet was noncommittal.
You were a tree.
You visited 2 branches of the dungeon, and saw 8 of its levels.

You collected 336 gold pieces.

Inventory:

Hand Weapons
 g - a +4 dagger of venom
 D - a +2 flail of holy wrath (weapon)
Missiles
 A - a throwing net
Armour
 a - a +0 robe (melded)
 h - a +0 cloak (melded)
 m - a +2 hat (melded)
 n - a +0 buckler (worn)
 r - a +0 kite shield
 z - a +0 leather armour of positive energy
Jewellery
 p - a ring of poison resistance (left branch)
 w - an amulet of the acrobat (around neck)
Wands
 j - a wand of flame (1)
Scrolls
 c - 3 scrolls of vulnerability {unknown}
 d - 8 scrolls of identify {unknown}
 e - 2 scrolls of teleportation {unknown}
 f - a scroll of noise {unknown}
 i - 2 scrolls of butterflies {unknown}
 l - 2 scrolls of fear {unknown}
 q - a scroll of fog {unknown}
 t - a scroll of brand weapon {unknown}
 y - a scroll of enchant weapon {unknown}
Potions
 b - 3 potions of magic
 k - 2 potions of curing
 u - 3 potions of might {unknown}
 v - 3 potions of degeneration {unknown}
 x - a potion of brilliance {unknown}
 B - a potion of attraction {unknown}
 C - a potion of resistance {unknown}
 E - a potion of invisibility {unknown}


   Skills:
 - Level 2.4 Dodging
 - Level 2.4 Stealth
 - Level 3.5 Shields
 - Level 7.0 Spellcasting
 + Level 6.6 Conjurations
 + Level 7.8 Necromancy
 + Level 6.6 Fire Magic


You had 3 spell levels left.
You knew the following spells:

 Your Spells              Type           Power      Damage    Failure   Level
a - Necrotise             Necr           100%       1d9       1%          1
b - Vampiric Draining     Necr           47%        2d9       1%          3
c - Animate Dead          Necr           47%        N/A       4%          4
d - Fireball              Conj/Fire      20%        3d10      22%         5
e - Starburst             Conj/Fire      20%        6d7       75%         6

Your spell library contained the following spells:

 Spells                   Type           Power      Damage    Failure   Level
 Foxfire                  Conj/Fire      100%       2x1d9     1%          1
 Kiss of Death            Conj/Necr      100%       2d13      1%          1
 Confusing Touch          Hex            8%         N/A       34%         3
 Frozen Ramparts          Ice            16%        1d3       34%         3
 Dispel Undead            Necr           47%        3d18      4%          4
 Agony                    Necr           47%        N/A       13%         5
 Ice Form                 Ice/Tmut       8%         N/A       75%         4
 Summon Ice Beast         Ice/Summ       8%         N/A       75%         4
 Plasma Beam              Fire/Air       12%        2x1d26    99%         6


Dungeon Overview and Level Annotations

Branches:
Dungeon (7/15)             Temple (1/1) D:7

Altars:
Ashenzari
Cheibriados
Dithmenos
Elyvilon
Fedhas
Gozag
Hepliaklqana
Makhleb
Nemelex Xobeh
Okawaru
Qazlal
Ru
Sif Muna
Trog
Uskayaw
Vehumet
Wu Jian
Xom
Yredelemnul
Zin
The Shining One

Annotations:
D:4 Menkaure


Message History

The vampire mosquito bites you but does no damage. x2
The vampire mosquito bites you.
The vampire mosquito draws strength from your injuries!
The vampire mosquito bites you but does no damage. x2
Unknown command.
You miss the vampire mosquito.
The vampire mosquito bites you but does no damage. x5
You hit the vampire mosquito.
The vampire mosquito convulses.
The vampire mosquito is lightly damaged.
The vampire mosquito bites you!
The vampire mosquito draws strength from your injuries!
The vampire mosquito bites you but does no damage. x3
The vampire mosquito bites you.
The vampire mosquito draws strength from your injuries!
You block the vampire mosquito's attack.
You barely miss the vampire mosquito.
The vampire mosquito is lightly damaged.
The vampire mosquito bites you but does no damage. x2
The vampire mosquito bites you.
* * * LOW HITPOINT WARNING * * *
The vampire mosquito draws strength from your injuries!
The vampire mosquito bites you but does no damage.
You block the vampire mosquito's attack.
The vampire mosquito bites you.
* * * LOW HITPOINT WARNING * * *
The vampire mosquito draws strength from your injuries!
You feel much better. The vampire mosquito bites you.
The vampire mosquito draws strength from your injuries!
The vampire mosquito bites you.
The vampire mosquito draws strength from your injuries!
The vampire mosquito bites you but does no damage.
Casting: Fireball (quite dangerous; 22% risk of failure)
Confirm with . or Enter, or press ? or * to list all spells.
The spell is extremely dangerous to miscast (75% risk of failure)!
Continue anyway?
Casting: Starburst (extremely dangerous; 75% risk of failure)
Press: ? - help, Dir - look around, f - activate You miscast Starburst.
You are very lightly contaminated with residual magic.
Fire whirls out from your branches!!
You die...

#..#........##.....
#..#.........#.....
#.#..............#
..##........##...#.
...
###..#...#......
.## #####†........
#..........
##.yy......
#.♣...?...
##.......#
###>...## ....#
#..## .## .. .#


You could see 2 vampire mosquitoes.

Vanquished Creatures
  Grinder (D:3)
  A hornet (D:7)
  An orc warrior (D:6)
  2 ice beasts
  A sky beast (D:7)
  2 ogres (D:6)
  A phantom (D:4)
  3 bullfrogs
  3 scorpions
  2 wights (D:6)
  2 howler monkeys (D:4)
  A quasit (D:7)
  A jelly (D:6)
  An orc priest (D:4)
  A hound (D:5)
  2 iguanas
  A sleepcap (D:6)
  Natasha (thrice) (D:2)
  An orc wizard (D:4)
  7 gnolls (D:6)
  5 adders
  A shadow imp (D:7)
  3 ufetubi
  An iguana zombie (D:3)
  2 worms
  2 dart slugs
  8 orcs
  6 ball pythons
  11 endoplasms
  A giant cockroach (D:3)
  7 goblins
  7 hobgoblins
  3 jackals (D:5)
  2 kobolds
  3 quokkas
  3 bats
  3 frilled lizards
  2 rats
107 creatures vanquished.

Vanquished Creatures (collateral kills)
  A wight (D:6)
  A sleepcap (D:6)
  A gnoll bouda (D:6)
  A hound (D:4)
  An iguana (D:3)
  A gnoll (D:6)
  A white imp (D:7)
  A dart slug (D:4)
  An orc (D:5)
  2 goblins
  A ball python (D:4)
12 creatures vanquished.

Vanquished Creatures (others)
  A bullfrog zombie (D:6)
  A scorpion zombie (D:6)
  An ogre zombie (D:6)
  4 gnoll zombies (D:6)
  A hobgoblin zombie (D:4)
  A jackal zombie (D:5)
  A kobold zombie (D:4)
  5 orc zombies
  A quokka zombie (D:4)
  A fungus (D:4)
  3 plants (D:1)
20 creatures vanquished.

Grand Total: 139 creatures vanquished

Notes
Turn   | Place    | Note
-------+----------+-------------------------------------------
     0 | D:1      | tokenacc the Deep Elf Necromancer began the quest for the
                  | Orb.
     0 | D:1      | Reached XP level 1. HP: 10/10 MP: 6/6
    23 | D:1      | Reached skill level 5 in Necromancy
   319 | D:1      | Reached XP level 2. HP: 15/15 MP: 6/8
   625 | D:1      | Found a faded altar of an unknown god.
  1089 | D:2      | Reached XP level 3. HP: 19/19 MP: 0/9
  1550 | D:2      | Noticed Natasha
  1553 | D:2      | Killed Natasha
  1558 | D:2      | Learned a level 3 spell: Vampiric Draining
  1595 | D:2      | Noticed Natasha
  1608 | D:2      | Killed Natasha
  1609 | D:2      | Reached XP level 4. HP: 18/24 MP: 3/12
  1902 | D:2      | Noticed Natasha
  1915 | D:2      | Killed Natasha
  2002 | D:3      | Found an ornate altar of the Wu Jian Council.
  2006 | D:3      | Reached skill level 5 in Spellcasting
  2012 | D:3      | Learned a level 4 spell: Animate Dead
  2098 | D:3      | Reached XP level 5. HP: 28/28 MP: 2/14
  2132 | D:3      | Found a sacrificial altar of Ru.
  2159 | D:3      | Noticed Grinder
  2186 | D:3      | Killed Grinder
  2187 | D:3      | Reached XP level 6. HP: 32/32 MP: 6/18
  2193 | D:3      | Learned a level 5 spell: Fireball
  3124 | D:4      | Learned a level 6 spell: Starburst
  3188 | D:4      | Reached skill level 1 in Conjurations
  3188 | D:4      | Reached skill level 1 in Fire Magic
  3449 | D:4      | Reached skill level 1 in Shields
  3462 | D:4      | Reached XP level 7. HP: 36/36 MP: 12/19
  3733 | D:4      | Noticed Menkaure
  3924 | D:5      | Entered Level 5 of the Dungeon
  5292 | D:6      | Reached XP level 8. HP: 29/41 MP: 5/20
  5731 | D:6      | Reached skill level 5 in Conjurations
  5731 | D:6      | Reached skill level 5 in Fire Magic
  6663 | D:7      | Noticed a hornet
  6726 | D:7      | Reached XP level 9. HP: 36/45 MP: 21/21
  6732 | D:7      | Found a staircase to the Ecumenical Temple.
  6746 | Temple   | Entered the Ecumenical Temple
  6864 | Temple   | Became a worshipper of Vehumet
  7113 | D:7      | Killed by miscasting Starburst

Illustrated notes

Levels and vault maps discovered:
D:1:      roderic_crop_circles_arrival_small, layout_loops_ring,
          shapermc_ecumenical_altar_hornbeckon, nrook_campfire,
          corexii_item_surrounded_by_moat, nicolae_kite_square_tiling_tiny
D:2:      layout_loops_ring, uniq_natasha
D:3:      layout_basic, mainiacjoe_overflow_small_starburst,
          nicolae_overflow_crystal_walls, uniq_grinder
D:4:      layout_loops_ring, hangedman_feature_mirror,
          dreamdust_mushroom_princess, item_on_display_a, uniq_menkaure
D:5:      layout_basic
D:6:      layout_gridville
D:7:      layout_cave_pools, minmay_temple_entry_overgrown,
          ebering_ghost_rock_garden, serial_shops, nicolae_shop_window_shopping,
          serial_demonic, serial_demonic_e, serial_demonic_e, serial_demonic_a,
          serial_demonic_g
Temple:   hellmonk_temple_of_storms

Skill      XL: |  1  2  3  4  5  6  7  8 |
---------------+-------------------------+-----
Necromancy     | 5 6 7 |  7.8
Spellcasting   | 4 5 7 |  7.0
Conjurations   | 1 3 6 |  6.6
Fire Magic     | 1 3 6 |  6.6
Shields        | 1 2 3 |  3.5
Dodging        | |  2.4
Stealth        | |  2.4

Action                     |  1- 3 |  4- 6 |  7- 9 || total
---------------------------+-------+-------+-------++-------
  Melee: Unarmed           |       |    15 |       ||    15
         Dagger            |       |       |    99 ||    99
         Flail             |       |       |    35 ||    35
   Cast: Necrotise         |    56 |    50 |    41 ||   147
         Vampiric Draining |     1 |    20 |    26 ||    47
         Animate Dead      |       |     6 |     9 ||    15
         Fireball          |       |       |     2 ||     2
  Evoke: Wand              |       |     6 |    12 ||    18
    Use: Potion            |       |     2 |     7 ||     9
   Stab: Sleeping          |       |       |     1 ||     1
         Distracted        |       |       |     1 ||     1
 Armour: Robe              |     2 |    16 |    38 ||    56
         Skin              |       |     5 |    36 ||    41
  Dodge: Dodged            |     8 |    18 |   117 ||   143
  Block: Buckler           |       |     2 |    38 ||    40
